AoeStats
← Goose2210

African Clearing

510826152Analyzed
2v2 RM · 8h ago on Oct 2, 2026· 31m 39s· 4 players
Game mode
Random Map
Map size
Medium (4 player)
Population
200
Speed
Normal
Resources
Standard
Victory
Conquest
Starting age
Dark Age
Ending age
Imperial Age
RankedLock teamsTeams togetherTeam positionsShared explorationLock speedFull tech treeHidden civsTurbo modeCheats
Victory
Defeat
🇨🇴 Burgundians · Colombia
1209
+17
🇨🇴 Hindustanis · Colombia
1209
+17
🇳🇱 Tatars · Netherlands
1246
-18
🇳🇱 Mongols · Netherlands
1204
-16
Goose2210
6:41 Double-Bit Axe
9:58 Loom
12:23 Feudal Age
13:31 Bow Saw
15:50 Arson
16:36 Horse Collar
20:28 Padded Archer Armor
22:47 Castle Age
21:10 Gold Mining
21:15 Fletching
21:55 Heavy Plow
23:29 Forging
22:51 Elite Skirmisher
23:50 Leather Archer Armor
25:13 Bodkin Arrow
29:20 Scale Mail Armor
30:15 Forging
32:01 Wheelbarrow
andrewyroj
2:49 Loom
8:20 Loom
9:47 Loom
12:26 Feudal Age
12:29 Feudal Age
10:45 Loom
16:50 Castle Age
15:58 Double-Bit Axe
18:35 Wheelbarrow
24:06 Scale Mail Armor
24:42 Arson
25:05 Squires
26:05 Forging
28:36 Iron Casting
28:16 Chain Mail Armor
29:57 Chain Mail Armor
MISTER DYE
11:13 Loom
13:35 Feudal Age
19:22 Castle Age
17:51 Double-Bit Axe
18:29 Fletching
21:05 Gold Mining
23:16 Bodkin Arrow
24:30 Padded Archer Armor
25:35 Ballistics
NotYourHer0
4:56 Loom
14:41 Feudal Age
18:37 Castle Age
17:47 Double-Bit Axe
17:54 Gold Mining
17:54 Stone Mining
17:46 Horse Collar
19:33 Heavy Plow
19:25 Fletching
19:35 Padded Archer Armor
20:28 Scale Barding Armor
20:34 Forging
23:26 Fletching
Connection lost

Rejoining the realm…

Still unreachable

The connection could not be restored.

Session expired

The server has moved on; the page needs a fresh start.